 Dungeon Sprint DCSS version 0.28.0-47-ge53b351184 (webtiles) character file.

Game seed: 14678485443269232738

494 browni3141 the Fighter (level 7, -5/93 HPs)
             Began as an Ogre Hunter on May 4, 2022.
             Was a Believer of Okawaru.
             Slain by an unseen horror (9 damage)
             ... in the Dungeon (Sprint IX: "|||||||||||||||||||||||||||||").
             The game lasted 00:01:25 (576 turns).

browni3141 the Fighter (Ogre Hunter)                 Turns: 576, Time: 00:01:26

Health: -5/93      AC:  3    Str: 22    XL:     7   Next: 15%
Magic:  7/7        EV: 11    Int: 15    God:    Okawaru [**....]
Gold:   0          SH:  0    Dex:  9    Spells: 6/6 levels left

rFire   . . .      SeeInvis .   n - +2 morningstar (protect)
rCold   . . .      Faith    .   (no shield)
rNeg    . . .      Spirit   .   b - +0 robe
rPois   .          Reflect  .   (helmet restricted)
rElec   .          Harm     .   (no cloak)
rCorr   .          Rampage  .   (gloves unavailable)
Will    .....      NoTele   +   (boots unavailable)
Stlth   +.........              (no amulet)
HPRegen 0.25/turn               S - +3 ring of strength
MPRegen 0.10/turn               I - +3 ring of intelligence

@: on berserk cooldown, slowed, very slow
A: large, unfitting armour, tough skin 1
a: Renounce Religion, Heroism


You were in the Dungeon.
You worshipped Okawaru.
Okawaru was pleased with you.
You visited 1 branch


Innate Abilities, Weirdness & Mutations

You are too large for most types of armour.
You have tough skin. (AC +1)


   Skills:
 * Level 13.2 Fighting
 * Level 7.4 Maces & Flails
 - Level 4.0 Throwing
 + Level 6.7 Dodging
 - Level 0.6 Stealth


You had 6 spell levels left.
You didn't know any spells.
Your spell library was empty.

Inventory:

Hand Weapons
 a - a +0 short sword
 n - a +2 morningstar of protection (weapon)
Missiles
 c - 5 large rocks
 d - 2 throwing nets (quivered)
Armour
 b - a +0 robe (worn)
Jewellery
 I - a +3 ring of intelligence (right hand)
 S - a +3 ring of strength (left hand)
Wands
 m - a wand of acid (9)
Scrolls
 j - 2 scrolls of blinking {@r3}
 l - 2 scrolls of amnesia
Potions
 e - 5 potions of curing {@q1}
 f - 3 potions of heal wounds {@q2}
 g - a potion of haste {@q3}
 h - 4 potions of magic
 k - a potion of invisibility

Dungeon Overview and Level Annotations

Branches:
Dungeon (1/1)

Altars:
Cheibriados
Dithmenos
Elyvilon
Fedhas
Gozag
Hepliaklqana
Kikubaaqudgha
Makhleb
Nemelex Xobeh
Okawaru
Qazlal
Ru
Sif Muna
Trog
Uskayaw
Vehumet
Wu Jian
Xom
Yredelemnul
Zin
The Shining One
Beogh
Jiyva
Lugonu

¦+¦
¦.¦
¦.¦
¦.¦
¦.¦
¦{¦
¦@¦
¦)¦
¦.¦
¦.¦
¦[¦
¦[¦
¦[¦
¦.¦
¦)¦


There were no monsters in sight!


Message History

You feel sick.
The kobold brigand hits you but does no damage.
You hit the kobold brigand.
You kill the kobold brigand!
Okawaru is honoured by your kill.
You feel sick.
You are no longer poisoned.
Something hits you!
* * * LOW HITPOINT WARNING * * *
Deactivating autopickup; reactivate with Ctrl-A.
Something hits you but does no damage. x2
Your Fighting skill increases to level 13!
You have reached level 7!
You barely miss something. Something hits you.
* * * LOW HITPOINT WARNING * * *
Something hits you.
* * * LOW HITPOINT WARNING * * *
Something hits you but does no damage. x2
Unknown command.
Aiming: Corrosive Bolt
Press: ? - help, Shift-Dir - straight line, f - quokka zombie
Aim: a quokka zombie (79% to hit)
The bolt of acid hits something!
The acid corrodes something!
The bolt of acid hits the quokka zombie!
You destroy the quokka zombie!
Okawaru accepts your kill. Something hits you!
* * * LOW HITPOINT WARNING * * *
Something hits you!
You die...

Skill      XL: |  1  2  3  4  5  6 |
---------------+-------------------+-----
Fighting       | 5 7 10 11 13 | 13.2
Dodging        | 2 3 5 6 |  6.7
Maces & Flails | 3 5 7 |  7.4
Throwing       | |  4.0
Stealth        | |  0.6

Action                   |  1- 3 |  4- 6 |  7- 9 || total
-------------------------+-------+-------+-------++-------
Melee: Short sword       |    56 |       |       ||    56
       Morningstar       |     2 |    21 |     1 ||    24
Throw: Large rock        |     5 |       |       ||     5
       Throwing net      |     1 |       |       ||     1
Evoke: Wand              |       |       |     1 ||     1
  Use: Potion            |     1 |       |       ||     1
 Stab: Held in net/web   |     1 |       |       ||     1
Armor: Robe              |    20 |     8 |     2 ||    30
Dodge: Dodged            |    35 |    14 |       ||    49

Levels and vault maps discovered:
D:        linesprint [early_d, line_temple, items_1, d_10, items_2, lair_1,
          lair_end, items_3, orc_1, orc_end, items_4, d_15, swamp_1, shoals_1,
          snake_1, spider_1, d_20, vaults_1, items_5, swamp_end, shoals_end,
          snake_end, spider_end, vaults_end, d_27, items_6, zot_1, zot_end,
          crypt_end, forest_end, elf_end, slime_end, tomb_end, abyss_end,
          pan_hell_end]

Notes
Turn   | Place    | Note
-------+----------+-------------------------------------------
     0 | D        | browni3141 the Ogre Hunter began the quest for the Orb.
     0 | D        | Reached XP level 1. HP: 22/22 MP: 1/1
    13 | D        | Reached skill level 3 in Fighting
    13 | D        | Reached skill level 2 in Dodging
    19 | D        | Reached skill level 4 in Fighting
   261 | D        | Noticed a hound
   269 | D        | Reached skill level 5 in Fighting
   269 | D        | Reached XP level 2. HP: 28/35 MP: 2/2
   295 | D        | Reached skill level 7 in Fighting
   295 | D        | Reached skill level 3 in Dodging
   295 | D        | Reached XP level 3. HP: 7/46 MP: 3/3
   300 | D        | Reached skill level 4 in Dodging
   302 | D        | Reached skill level 8 in Fighting
   311 | D        | Found a snail-covered altar of Cheibriados.
   311 | D        | Found a shadowy altar of Dithmenos.
   311 | D        | Found a white marble altar of Elyvilon.
   311 | D        | Found a blossoming altar of Fedhas.
   311 | D        | Found an opulent altar of Gozag.
   312 | D        | Found a hazy altar of Hepliaklqana.
   313 | D        | Found a viscous altar of Jiyva.
   314 | D        | Found an ancient bone altar of Kikubaaqudgha.
   315 | D        | Found a corrupted altar of Lugonu.
   316 | D        | Found a burning altar of Makhleb.
   317 | D        | Found a sparkling altar of Nemelex Xobeh.
   318 | D        | Found an iron altar of Okawaru.
   319 | D        | Found a stormy altar of Qazlal.
   320 | D        | Found a sacrificial altar of Ru.
   321 | D        | Found a shimmering blue altar of Sif Muna.
   322 | D        | Found a bloodstained altar of Trog.
   323 | D        | Found a hide-covered altar of Uskayaw.
   324 | D        | Found a radiant altar of Vehumet.
   325 | D        | Found an ornate altar of the Wu Jian Council.
   326 | D        | Became a worshipper of Warmaster Okawaru
   327 | D        | Found a shimmering altar of Xom.
   328 | D        | Found a basalt altar of Yredelemnul.
   329 | D        | Found a glowing silver altar of Zin.
   330 | D        | Found a glowing golden altar of the Shining One.
   548 | D        | Noticed a kobold brigand
   548 | D        | Noticed a yak
   548 | D        | Noticed a yak
   548 | D        | Noticed an orc warrior
   551 | D        | Killed an orc warrior
   552 | D        | Reached skill level 10 in Fighting
   552 | D        | Reached skill level 3 in Maces & Flails
   552 | D        | Reached skill level 5 in Dodging
   552 | D        | Reached XP level 4. HP: 61/61 MP: 4/4
   552 | D        | Reached XP level 5. HP: 68/68 MP: 5/5
   554 | D        | Killed a yak
   554 | D        | Reached * piety under Okawaru
   555 | D        | Reached skill level 11 in Fighting
   555 | D        | Reached skill level 5 in Maces & Flails
   555 | D        | Reached skill level 6 in Dodging
   555 | D        | Reached XP level 6. HP: 83/83 MP: 6/6
   568 | D        | Killed a yak
   569 | D        | Reached skill level 12 in Fighting
   569 | D        | Reached skill level 7 in Maces & Flails
   574 | D        | Reached ** piety under Okawaru
   575 | D        | Reached skill level 13 in Fighting
   575 | D        | Reached XP level 7. HP: 22/93 MP: 7/7
   576 | D        | HP: 4/93 [something (9)]
   576 | D        | Slain by an unseen horror

Vanquished Creatures
  2 yaks (D)
  An orc warrior (D)
  A kobold brigand (D)
  A hound (D)
  A gnoll (D)
  An orc (D)
  A ball python (D)
  An endoplasm (D)
  A jackal (D)
  A frilled lizard (D)
  A jackal zombie (D)
  2 kobolds (D)
  A quokka zombie (D)
15 creatures vanquished.

Table legend: (Time is in decaauts)
 A = Elapsed time spent in this place.
 B = Non-inter-level travel time spent in this place.
 C = Inter-level travel time spent in this place.
 D = Time resting spent in this place.
 E = Time spent auto-exploring this place.
 F = Levels seen in this place.
 G = Mean time per level.
                   A        B        C        D        E       F      G
               +--------+--------+--------+--------+--------+-----+--------+
         Total |    592 |    592 |      0 |    420 |      3 |   1 |  592.0 |
       Dungeon |    592 |    592 |      0 |    420 |      3 |   1 |  592.0 |
               +--------+--------+--------+--------+--------+-----+--------+

Top non-repeatable levels by time:
       D: 592 daAuts

Table legend:
 A = Non-vault XP
 B = Vault XP
 C = Vault XP percentage of total XP
 D = Non-vault monster count
 E = Vault monster count
 F = Vault count percentage of total count
                 A         B        C        D         E       F
            +---------+---------+-------+---------+---------+-------
      Total |       0 |     707 | 100.0 |       0 |      15 | 100.0
            +---------+---------+-------+---------+---------+-------
          D |       0 |     707 | 100.0 |       0 |      15 | 100.0
            +---------+---------+-------+---------+---------+-------
